 Dungeon Crawl Stone Soup version 0.19-a0-645-gfd18b6f (webtiles) character file.

432 FitzyFitz the Slasher (level 7, 0/40 HPs)
             Began as a Tengu Gladiator on June 14, 2016.
             Succumbed to a worker ant's poison
             ... on level 4 of the Dungeon.
             The game lasted 00:07:25 (3221 turns).

FitzyFitz the Slasher (Tengu Gladiator)             Turns: 3221, Time: 00:07:26

Health: 0/40       AC:  3    Str: 21    XL:     7   Next: 0%
Magic:  8/8        EV: 18    Int: 10    God:
Gold:   96         SH:  0    Dex: 16    Spells: 0 memorised, 6 levels left

rFire  . . .     SeeInvis .     a - +0 long sword
rCold  . . .     Gourm    .     b - +0 leather armour
rNeg   . . .     Faith    .     (no shield)
rPois  .         Spirit   .     c - +0 hat
rElec  .         Dismiss  .     (no cloak)
rCorr  .         Reflect  .     (no gloves)
SustAt .         Harm     .     (boots unavailable)
MR     +....                    (no amulet)
Stlth  +.........               y - +2 ring of intelligence (curse)
                                m - ring of protection from magic

@: mighty, lethally poisoned (0 -> -1), flying quickly and evasively, very
slightly contaminated, hasted, very quick, somewhat resistant to hostile
enchantments, very unstealthy
A: beak, talons 3, able to fly 1
a: no special abilities


You were on level 4 of the Dungeon.
You were not hungry.

You visited 1 branch of the dungeon, and saw 4 of its levels.

You collected 96 gold pieces.

Inventory:

Hand Weapons
 a - a +0 long sword (weapon)
 w - a +0 war axe
 A - a cursed -3 dagger
Missiles
 d - 3 throwing nets (quivered)
 k - 67 bolts
 n - 11 poisoned needles
 o - 66 stones
Armour
 b - a +0 leather armour (worn)
 c - a +0 hat (worn)
Jewellery
 m - a ring of protection from magic (left hand)
 t - a +2 ring of intelligence
 y - a cursed +2 ring of intelligence (right hand)
Scrolls
 e - a scroll of immolation {unknown}
 g - a scroll of amnesia {unknown}
 l - 2 scrolls of recharging {unknown}
 p - 4 scrolls of identify {unknown}
 q - 2 scrolls of enchant weapon {unknown}
 s - 2 scrolls of fog {unknown}
Comestibles
 f - 4 bread rations
 h - 3 meat rations
 x - 2 beef jerkies
 z - 4 fruits


   Skills:
 - Level 2.0 Fighting
 * Level 7.0 Long Blades
 - Level 2.0 Throwing
 + Level 5.5 Dodging


You had 6 spell levels left.
You didn't know any spells.

Dungeon Overview and Level Annotations

Branches:
Dungeon (4/15)
 Temple: D:4-7

Altars:
Hepliaklqana
Makhleb

Annotations:
D:2 Sigmund


Innate Abilities, Weirdness & Mutations

You have a beak for a mouth.
You have claws for feet.
You can fly.


Message History

* * * LOW HITPOINT WARNING * * *
You feel sick.
Okay, then.
Unknown command.
Unknown command.
Okay, then.
Unknown command.
Unknown command.
You feel yourself speed up.
You are very lightly contaminated with residual magic.
* * * LOW HITPOINT WARNING * * *
You feel sick.
* * * LOW HITPOINT WARNING * * *
You feel sick.
* * * LOW HITPOINT WARNING * * *
You feel sick.
* * * LOW HITPOINT WARNING * * *
You feel sick.
There is a lethal amount of poison in your body!
You die...

#
#.##+#.........#.....
#
#..#...#######.......
##.#...# ### #...####
##...#.#######...####
#....#.'.)_..+...'...
#......###)###...#...
#......# #.# #...#...
#......###+###..## ..
#...@...........# ..
#...>........#### .
#.......###### .
#.......# ####....#
#....# #....# #....#
#....#


There were no monsters in sight!

Vanquished Creatures
  A phantom (D:4)
  An ogre (D:4)
  A scorpion (D:4)
  3 orc wizards (D:4)
  A worker ant (D:4)
  An adder skeleton (D:4)
  5 worms
  7 giant geckos
  6 orcs
  4 giant cockroaches
  9 goblins
  11 hobgoblins
  2 jackals (D:3)
  5 kobolds (D:1)
  2 quokkas
  2 ball pythons
  5 bats
  2 giant newts
  11 rats
79 creatures vanquished.

Notes
Turn   | Place    | Note
--------------------------------------------------------------
     0 | D:1      | FitzyFitz the Tengu Gladiator began the quest for the Orb.
     0 | D:1      | Reached XP level 1. HP: 12/12 MP: 2/2
    92 | D:1      | Reached XP level 2. HP: 16/17 MP: 3/3
   456 | D:1      | Reached skill level 4 in Long Blades
   647 | D:1      | Reached XP level 3. HP: 21/21 MP: 4/4
   899 | D:2      | Noticed Sigmund
  1539 | D:2      | Reached XP level 4. HP: 22/26 MP: 5/5
  1544 | D:2      | Found a hazy altar of Hepliaklqana.
  2120 | D:3      | Reached skill level 5 in Long Blades
  2391 | D:4      | Noticed an ogre
  2402 | D:4      | Killed an ogre
  2402 | D:4      | Gained mutation: You can fly. [Tengu growth]
  2402 | D:4      | Reached XP level 5. HP: 30/30 MP: 6/6
  2464 | D:4      | Found a burning altar of Makhleb.
  2511 | D:4      | Reached skill level 6 in Long Blades
  2511 | D:4      | Reached skill level 5 in Dodging
  2511 | D:4      | Reached XP level 6. HP: 12/35 MP: 7/7
  2779 | D:4      | Noticed a phantom
  2820 | D:4      | Killed a phantom
  3198 | D:4      | Reached skill level 7 in Long Blades
  3198 | D:4      | Reached XP level 7. HP: 4/40 MP: 8/8
  3201 | D:4      | HP: 2/40 [poisoned by a worker ant]
  3209 | D:4      | HP: 1/40 [poisoned by a worker ant]
  3215 | D:4      | HP: 1/40 [poisoned by a worker ant]
  3221 | D:4      | Succumbed to a worker ant's poison

Vault maps used:
D:1:      sevenhm_arrival_forest_fort_small_6
D:2:      lemuel_crystal_altar, lemuel_crystal_altar, uniq_sigmund
D:4:      lemuel_doored_altar, first_bread

Skill      XL: |  1  2  3  4  5  6 |
---------------+-------------------+-----
Long Blades    | 4 5 6 7 |  7.0
Dodging        | 4 5 |  5.5
Fighting       | |  2.0
Throwing       | |  2.0

Action                   |  1- 3 |  4- 6 |  7- 9 || total
-------------------------+-------+-------+-------++-------
Melee: Long sword        |   112 |   134 |       ||   246
       Kick              |    26 |    24 |       ||    50
       Peck              |    16 |    12 |       ||    28
Throw: Throwing net      |       |     1 |       ||     1
  Use: Potion            |       |     9 |     1 ||    10
 Stab: Sleeping          |       |     3 |       ||     3
       Held in net/web   |       |     1 |       ||     1
  Eat: Chunk             |     2 |     4 |       ||     6
       Meat ration       |       |     1 |       ||     1
Armor: Leather armour    |    22 |    20 |       ||    42
       Skin              |       |    20 |       ||    20
Dodge: Dodged            |    97 |    69 |       ||   166
